 Dungeon Crawl Stone Soup version 0.19.1 (webtiles) character file.

244 XO4YCPATb the Cudgeler (level 5, -7/42 HPs)
             Began as a Mummy Chaos Knight on Dec 9, 2016.
             Mangled by a guardian serpent (shapeshifter) (17 damage)
             ... on level 2 of the Dungeon.
             The game lasted 00:15:25 (18705 turns).

XO4YCPATb the Cudgeler (Mummy Chaos Knight)        Turns: 18705, Time: 00:15:26

Health: -7/42      AC:  5    Str: 16    XL:     5   Next: 83%
Magic:  5/5        EV: 11    Int: 12    God:    Xom [....*.]
Gold:   3187       SH:  0    Dex: 11    Spells: 0 memorised, 4 levels left

rFire  x . .     SeeInvis .     g - +3 dire flail (chaos)
rCold  + . .     Gourm    .     b - +2 leather armour
rNeg   + + +     Faith    .     (shield currently unavailable)
rPois  ∞         Spirit   .     (no helmet)
rElec  .         Reflect  .     (no cloak)
rCorr  .         Harm     .     (no gloves)
MR     .....                    (no boots)
Stlth  +.........               (no amulet)
                                (no ring)
                                (no ring)

@: no status effects
A: no food or potions, fire vulnerability, cold resistance 1, negative energy
resistance 3, torment resistance, unbreathing
a: Renounce Religion


You were on level 2 of the Dungeon.
You worshipped Xom.
You were a beloved toy of Xom.
You were not hungry.

You visited 1 branch of the dungeon, and saw 3 of its levels.

You collected 3187 gold pieces.

Inventory:

Hand Weapons
 e - the +6 trident of Arbitration {chaos, Dex+2}
   (Xom gifted it to you on level 2 of the Dungeon)

   Each time it hits an enemy it has a different, random effect.
   It affects your dexterity (+2).
 g - a +3 dire flail of chaos (weapon)
Armour
 b - a +2 leather armour (worn)
Scrolls
 c - 5 scrolls of identify {unknown}
 d - 2 scrolls of immolation {unknown}
 f - a scroll of recharging {unknown}


   Skills:
 - Level 3.7 Fighting
 * Level 5.1 Maces & Flails
 - Level 1.5 Armour
 - Level 0.7 Dodging


You had 4 spell levels left.
You didn't know any spells.

Dungeon Overview and Level Annotations

Branches:
Dungeon (3/15)

Altars:
Xom


Innate Abilities, Weirdness & Mutations

You do not eat or drink.
Your flesh is vulnerable to fire.
You are immune to poison.
Your flesh is cold resistant. (rC+)
You are immune to negative energy. (rN+++)
You are immune to unholy pain and torment.
You can survive without breathing.


Message History

The guardian serpent hits you.
You barely miss the guardian serpent. Xom grants you some temporary aid.
The guardian serpent hits you!
You barely miss the guardian serpent. The guardian serpent barely misses you.
The guardian serpent closely misses you.
Your quasit bites the guardian serpent but does no damage.
Your quasit barely misses the guardian serpent.
Your quasit claws the guardian serpent but does no damage.
You hit the guardian serpent.
The guardian serpent is lightly wounded.
The guardian serpent hits you!
* * * LOW HITPOINT WARNING * * *
Your quasit bites the guardian serpent but does no damage.
Your quasit misses the guardian serpent.
Your quasit barely misses the guardian serpent.
Your shadow imp closely misses the guardian serpent.
The guardian serpent hits you!
You die...
Xom thinks this is hilarious!

......##.####..########.#
#.
......##.#............#.#
#(
......##.#.###..#####.#.#
#.
......##.#.#........#.#.#
#.
...........#.##..##.#.#.#
#.
...........#.#....#.#.#.#
#.
...........#.#<...#.#.#.#
#.
.####......#.#....#.#.#.#
#. .#
####.#.#.#.5@5..#.#.# #.
## ##.#.#.###S5###.#.# #.
#..........%....#.# #.
#.....#...#..####.# #.
#.........._......# #.
##.####...##..#####
#####. #.# #...###..#
#..... #.# #...# #.>#
#.#### #.# ##### ##.# #.#


You could see a guardian serpent, a friendly quasit, a friendly shadow imp and a
friendly ufetubus.

Vanquished Creatures
  An orc warrior (D:1)
  An orc priest (D:2)
  An orc wizard (D:1)
  2 adders
  An ooze (D:1)
  4 worms
  2 dart slugs
  2 leopard geckos
  6 orcs
  A ball python (D:1)
  3 bats
  5 giant cockroaches
  11 goblins
  11 hobgoblins
  8 jackals
  2 quokkas (D:2)
  3 frilled lizards
  8 kobolds
  12 rats
84 creatures vanquished.

Vanquished Creatures (others)
  A rat (D:3)
1 creature vanquished.

Grand Total: 85 creatures vanquished

Notes
Turn   | Place    | Note
-------+----------+-------------------------------------------
     0 | D:1      | XO4YCPATb the Mummy Chaos Knight began the quest for the Orb.
     0 | D:1      | Reached XP level 1. HP: 18/18 MP: 1/1
   266 | D:1      | XOM: silly message
   329 | D:1      | Reached XP level 2. HP: 24/24 MP: 2/2
   521 | D:1      | Reached skill level 3 in Maces & Flails
   827 | D:1      | XOM: harmless Ice miscast
   946 | D:1      | XOM: noise
  1093 | D:2      | Reached XP level 3. HP: 29/29 MP: 3/3
  1707 | D:1      | XOM: summons 1 hostile demon
  1811 | D:2      | XOM: mild Tloc miscast
  1812 | D:2      | Noticed a spatial vortex
  1865 | D:1      | XOM: cloud trail
  2109 | D:1      | XOM: god gift: copper wand {god gift}
  2434 | D:1      | XOM: summons 1 hostile demon
  2974 | D:1      | XOM is BORED!
  2974 | D:1      | XOM: mild Erth miscast
  3230 | D:1      | XOM: god gift: 34 gold pieces
  3899 | D:1      | XOM: cloud trail
  4210 | D:1      | XOM: divination: detect items
  4328 | D:1      | XOM is BORED!
  4328 | D:1      | XOM: medium Necr miscast
  4572 | D:1      | XOM: cloud trail
  5986 | D:1      | XOM is BORED!
  5986 | D:1      | XOM: mild Summ miscast
  6296 | D:1      | XOM is BORED!
  6296 | D:1      | XOM: noise
  6760 | D:1      | XOM: harmless Necr miscast
  6781 | D:1      | XOM: god gift: sedimented red potion {god gift}
  7048 | D:1      | XOM: cloud trail
  7341 | D:1      | XOM: harmless Tloc miscast
  7916 | D:1      | XOM is BORED!
  7916 | D:1      | XOM: summons 4 hostile shadow creatures
  7917 | D:1      | Noticed a stone giant
  8220 | D:1      | Noticed an orc warrior
  8255 | D:1      | XOM: god gift: scroll labeled MOICSI XIBESICW {god gift}
  8289 | D:2      | Reached XP level 4. HP: 11/36 MP: 4/4
  8448 | D:2      | XOM: scenery: create altars
  8717 | D:2      | XOM: 2-stop teleportation journey
  8990 | D:2      | XOM: scenery: create altars
  9586 | D:2      | Reached skill level 4 in Maces & Flails
  9952 | D:3      | XOM: scenery: create altars
 10124 | D:2      | XOM: god gift: 3080 gold pieces
 10133 | D:2      | XOM: scenery: create altars
 10235 | D:2      | XOM: god gift: scorched trident {god gift}
 10236 | D:2      | Got a scorched trident {god gift}
 10237 | D:2      | Identified the +6 trident of Arbitration {chaos, Dex+2} (Xom gifted it to you on level 2 of the Dungeon)
 10411 | D:2      | XOM: divination: detect items
 11129 | D:2      | XOM: god gift: scroll labeled ANERIKK CAMA {god gift}
 11133 | D:2      | XOM: summons 2 hostile demons
 11332 | D:2      | XOM: summons 2 hostile demons
 11379 | D:3      | XOM: harmless Pois miscast
 11888 | D:2      | XOM: medium Tloc miscast
 11889 | D:2      | Noticed a spatial vortex
 11889 | D:2      | Noticed a spatial vortex
 11927 | D:3      | XOM: medium Pois miscast
 12014 | D:3      | XOM: mild Conj miscast
 12507 | D:2      | XOM: summons 1 hostile demon
 12531 | D:3      | XOM: divination: detect items
 12736 | D:2      | XOM: noise
 13087 | D:2      | XOM: mild Air miscast
 13626 | D:2      | XOM: mild Summ miscast
 14253 | D:2      | XOM: harmless Air miscast
 14291 | D:2      | XOM: harmless Erth miscast
 14684 | D:2      | XOM: medium Pois miscast
 14693 | D:2      | XOM is BORED!
 14693 | D:2      | XOM: summons 4 hostile shadow creatures
 14831 | D:2      | XOM: summons 2 hostile demons
 15045 | D:2      | XOM: summons 4 hostile shadow creatures
 15046 | D:2      | Noticed a tengu reaver
 15576 | D:2      | XOM: enchant monster (bad)
 15579 | D:2      | XOM: swap monsters
 15590 | D:2      | Reached XP level 5. HP: 22/42 MP: 5/5
 15831 | D:2      | XOM: summons 2 hostile demons
 16007 | D:2      | XOM: harmless Conj miscast
 16087 | D:2      | XOM: scenery: create altars
 16251 | D:2      | XOM: cloud trail
 16665 | D:2      | XOM: harmless Pois miscast
 16826 | D:2      | XOM is BORED!
 16826 | D:2      | XOM: summons 2 hostile demons
 17042 | D:2      | XOM: god gift: bread ration
 17409 | D:2      | XOM: harmless Erth miscast
 17843 | D:2      | XOM: noise
 18023 | D:2      | XOM: god gift: twisted cabochon amulet {god gift}
 18178 | D:2      | XOM: god gift: glowing dire flail {god gift}
 18260 | D:2      | XOM is BORED!
 18260 | D:2      | XOM: mild Ice miscast
 18301 | D:1      | XOM: destruction
 18307 | D:1      | XOM: confuse monster(s)
 18312 | D:1      | Killed an orc warrior
 18312 | D:1      | Reached skill level 5 in Maces & Flails
 18665 | D:1      | XOM: summons 1 hostile demon
 18701 | D:2      | Noticed a guardian serpent
 18701 | D:2      | XOM: scenery: create altars
 18703 | D:2      | XOM: summons 3 friendly demons
 18705 | D:2      | Mangled by a guardian serpent (shapeshifter)

Skill      XL: |  1  2  3  4  5 |
---------------+----------------+-----
Maces & Flails | 3 4 5 |  5.1
Fighting       | |  3.7
Armour         | |  1.5
Dodging        | |  0.7

Action                   |  1- 3 |  4- 6 || total
-------------------------+-------+-------++-------
Melee: Mace              |   113 |   134 ||   247
       Trident           |       |     2 ||     2
       Dire flail        |       |    11 ||    11
Evoke: Wand              |     7 |       ||     7
  Use: Scroll            |     1 |       ||     1
 Stab: Confused          |     2 |       ||     2
       Paralysed         |     1 |       ||     1
Armor: Leather armour    |    33 |    53 ||    86
Dodge: Dodged            |    62 |    94 ||   156
